 Dungeon Crawl Stone Soup version 0.23.1 (webtiles) character file.

Game seed: 8319166356762575707

27 CloudKeeper the Shield-Bearer (level 3, -2/30 HPs)
             Began as a Formicid Fighter on Mar 15, 2019.
             Slain by an adder (3 damage)
             ... on level 2 of the Dungeon.
             The game lasted 00:03:31 (1037 turns).

CloudKeeper the Shield-Bearer (Formicid Fighter)    Turns: 1037, Time: 00:03:32

Health: -2/30      AC:  6    Str: 20 (21) XL:     3   Next: 25%
Magic:  3/3        EV:  8    Int:  6 (7)  God:
Gold:   44         SH:  9    Dex:  7 (10) Spells: 2/2 levels left

rFire    + . .     SeeInvis +   a - +0 war axe
rCold    x . .     Gourm    .   c - +0 shield
rNeg     . . .     Faith    .   b - +0 scale mail
rPois    .         Spirit   .   (helmet unavailable)
rElec    .         Reflect  .   (no cloak)
rCorr    .         Harm     .   (no gloves)
MR       .....                  (no boots)
Stlth    ..........             (no amulet)
HPRegen  0.10/turn              h - ring of fire
MPRegen  0.08/turn              (no ring)

@: lethally poisoned (-2 -> -10), invisible
A: permanent stasis, dig shafts and tunnels, four strong arms, antennae 3
a: Dig, Shaft Self


You were on level 2 of the Dungeon.
You were hungry.

You visited 1 branch of the dungeon, and saw 2 of its levels.

You collected 44 gold pieces.

Inventory:

Hand Weapons
 a - a +0 war axe (weapon)
Missiles
 l - 17 sling bullets
 m - 74 arrows
Armour
 b - a +0 scale mail (worn)
 c - a +0 shield (worn)
Jewellery
 h - a ring of fire (left hand)
Scrolls
 i - a scroll of fog {unknown}
Potions
 d - a potion of might
 j - a potion of magic {unknown}
 k - a potion of agility {unknown}
Comestibles
 f - a ration


   Skills:
 + Level 3.7 Fighting
 + Level 2.3 Axes
 + Level 3.6 Armour
 + Level 0.1 Stealth
 + Level 4.0 Shields


You had 2 spell levels left.
You didn't know any spells.
Your spell library was empty.

Dungeon Overview and Level Annotations

Branches:
Dungeon (2/15)

Altars:


Innate Abilities, Weirdness & Mutations

You cannot be hasted, slowed, berserked, paralysed or teleported.
You can dig through walls and to a lower floor.
Your four strong arms can wield two-handed weapons with a shield.
You have a pair of large antennae on your head. (SInv)


Message History

It was a potion of degeneration.
There was something very wrong with that liquid.
You feel weakened.
You feel dopey.
You feel clumsy.
* * * LOW HITPOINT WARNING * * *
You feel sick. The adder bites you.
* * * LOW HITPOINT WARNING * * *
You are more poisoned.
The adder poisons you! You block the adder's attack.
You closely miss the adder. You hit the adder.
You are feeling hungry.
* * * LOW HITPOINT WARNING * * *
You feel sick. The adder bites you but does no damage. The adder bites you.
* * * LOW HITPOINT WARNING * * *
You block the adder's attack. The adder closely misses you.
Unknown command.
It was a potion of invisibility.
You fade into invisibility!
* * * LOW HITPOINT WARNING * * *
You feel sick. The adder bites you but does no damage. The adder bites you.
You die...

. . ##. .. ##.#
#r. #S# . #@#{.#
########S#.#
#....<.....##.
.##....$.........
............#####
#..........##
...........#
.............
..#.##..#.###.#


You could see 2 adders and a rat.

Vanquished Creatures
  An adder (D:2)
  A dart slug (D:1)
  A leopard gecko (D:1)
  3 giant cockroaches (D:1)
  2 goblins (D:1)
  A hobgoblin (D:1)
  2 bats (D:1)
  2 frilled lizards (D:1)
  2 rats (D:1)
15 creatures vanquished.

Notes
Turn   | Place    | Note
-------+----------+-------------------------------------------
     0 | D:1      | CloudKeeper the Formicid Fighter began the quest for the
                  | Orb.
     0 | D:1      | Reached XP level 1. HP: 18/18 MP: 1/1
    76 | D:1      | Noticed an ogre
    76 | D:1      | Noticed an ogre
    76 | D:1      | Noticed an ogre
    76 | D:1      | Noticed an ogre
   110 | D:1      | Reached XP level 2. HP: 24/24 MP: 2/2
  1034 | D:2      | Reached skill level 4 in Shields
  1034 | D:2      | Reached XP level 3. HP: 6/30 MP: 3/3
  1037 | D:2      | HP: 1/30 [poisoned by an adder]
  1037 | D:2      | Slain by an adder

Skill      XL: |  1  2 |
---------------+-------+-----
Shields        | 4 |  4.0
Fighting       | |  3.7
Axes           | |  2.3
Armour         | |  3.6
Stealth        | |  0.1

Action                   || total
-------------------------++-------
Melee: War axe           ||    66
  Use: Potion            ||     2
Armor: Scale mail        ||    35
Dodge: Dodged            ||    22
Block: Shield            ||    43
